 Dungeon Crawl Stone Soup version 0.27.0-1-g7a08968 (webtiles) character file.

Game seed: 1394842459932158580

44 Illumine the Chucker (level 3, -1/37 HPs)
             Began as an Ogre Hunter on Aug 26, 2021.
             Slain by a gnoll (10 damage)
             ... on level 2 of the Dungeon.
             The game lasted 00:02:34 (1859 turns).

Illumine the Chucker (Ogre Hunter)                  Turns: 1859, Time: 00:02:35

Health: -1/37      AC:  5    Str: 17    XL:     3   Next: 62%
Magic:  3/3        EV: 10    Int: 12    God:
Gold:   61         SH:  0    Dex:  9    Spells: 2/2 levels left

rFire    . . .     SeeInvis .   h - +0 club
rCold    . . .     Faith    .   (no shield)
rNeg     . . .     Spirit   .   b - +0 robe
rPois    .         Reflect  .   k - +2 hat
rElec    .         Harm     .   (no cloak)
rCorr    .         Rampage  .   (gloves unavailable)
Will     .....                  (boots unavailable)
Stlth    +.........             (no amulet)
HPRegen  0.12/turn              (no ring)
MPRegen  0.08/turn              (no ring)

@: no status effects
A: large, unfitting armour, tough skin 1
a: no special abilities


You were on level 2 of the Dungeon.
You visited 1 branch of the dungeon, and saw 2 of its levels.

You collected 61 gold pieces.

Inventory:

Hand Weapons
 a - a +0 short sword
 h - a +0 club (weapon)
Missiles
 c - 4 large rocks (quivered)
 d - 2 throwing nets
 j - 5 boomerangs
Armour
 b - a +0 robe (worn)
 k - a +2 hat (worn)
Jewellery
 e - a +4 ring of protection
Scrolls
 g - a scroll of fog {unknown}
 i - 2 scrolls of identify {unknown}
Potions
 f - a potion of mutation {unknown}


   Skills:
 + Level 3.6 Fighting
 * Level 1.7 Maces & Flails
 - Level 4.1 Throwing
 - Level 2.0 Dodging
 - Level 0.6 Stealth


You had 2 spell levels left.
You didn't know any spells.
Your spell library was empty.

Dungeon Overview and Level Annotations

Branches:
Dungeon (2/15)

Altars:

Shops:
D:1 :


Innate Abilities, Weirdness & Mutations

You are too large for most types of armour.
You have tough skin. (AC +1)


Message History

You throw a boomerang. The boomerang closely misses the gnoll.
The boomerang hits the gnoll but does no damage.
Unknown command.
Throw: 5 boomerangs
Press: ? - help, Q - select action, (/) - cycle Shift-Dir - straight line, f/p - gnoll
Aim: a gnoll, wielding a +0 flail (61% to hit)
You throw a boomerang. The boomerang barely misses the gnoll.
The boomerang hits the gnoll!
The gnoll is heavily wounded.
The gnoll completely misses you.
You hit the gnoll.
The gnoll is lightly wounded.
The gnoll hits you with a +0 flail! The gnoll hits you with a +0 flail.
You hit the gnoll.
The gnoll is heavily wounded.
The gnoll hits you with a +0 flail!
You closely miss the gnoll.
The gnoll is heavily wounded.
The gnoll hits you with a +0 flail!
You hit the gnoll.
The gnoll is severely wounded.
The gnoll closely misses you.
Throw: 5 boomerangs
Press: ? - help, Q - select action, (/) - cycle Shift-Dir - straight line, f/p - gnoll
Aim: a gnoll, wielding a +0 flail (severely wounded, 61% to hit)
You throw a boomerang.
The boomerang hits the gnoll but does no damage.
The gnoll is severely wounded.
The gnoll hits you with a +0 flail.
* * * LOW HITPOINT WARNING * * *
Unknown command.
Throw: 5 large rocks
Press: ? - help, Q - select action, (/) - cycle Shift-Dir - straight line, f/p - gnoll
Aim: a gnoll, wielding a +0 flail (severely wounded, 61% to hit)
You throw a large rock.
The large rock closely misses the gnoll.
The large rock hits the gnoll!!
You kill the gnoll!
The gnoll barely misses you. The gnoll hits you with a +0 flail!
You die...

### ### #######.#
#.######### ........#
#.........# #######.#
#.#######.# ......#.#
###.# #.# ........# #...#
#.# #####.######.### #.#
.............#########.##
................@gg.....##
.##.#.###...##########...#
....#.###...##
####.#'#####
....#.#......#
#.......g...#
#####.#.#....#
#...........# ..#.#....#
#........gg.+ ####.#....#
#...........# #.#....#
#......รท<...# #.####.#
#...............


You could see 2 gnolls.

Vanquished Creatures
  A gnoll (D:2)
  An adder (D:2)
  2 dart slugs (D:1)
  A ball python (D:1)
  3 endoplasms
  3 giant cockroaches
  4 hobgoblins
  4 bats (D:1)
  4 frilled lizards
  3 goblins (D:1)
  A kobold (D:2)
  6 rats (D:1)
33 creatures vanquished.

Notes
Turn   | Place    | Note
-------+----------+-------------------------------------------
     0 | D:1      | Illumine the Ogre Hunter began the quest for the Orb.
     0 | D:1      | Reached XP level 1. HP: 22/22 MP: 1/1
   185 | D:1      | Found Xyvu's Book Emporium.
   398 | D:1      | Reached XP level 2. HP: 28/31 MP: 2/2
   673 | D:1      | Reached skill level 1 in Maces & Flails
   824 | D:1      | Reached XP level 3. HP: 30/37 MP: 3/3
  1032 | D:1      | Found a faded altar of an unknown god.
  1859 | D:2      | Slain by a gnoll

Illustrated notes

Levels and vault maps discovered:
D:1:      lightli_arrival_boilingwater, layout_basic, serial_shops, shop,
          ebering_ecumenical_altar_rust
D:2:      layout_basic, basic_altar

Skill      XL: |  1  2 |
---------------+-------+-----
Dodging        | 2 |  2.0
Fighting       | 3 |  3.6
Maces & Flails | 1 |  1.7
Throwing       | |  4.1
Stealth        | |  0.6

Action                   || total
-------------------------++-------
Melee: Short sword       ||    17
       Club              ||   128
Throw: Large rock        ||     7
       Boomerang         ||    13
       Throwing net      ||     2
 Stab: Sleeping          ||     1
Armor: Robe              ||    99
Dodge: Dodged            ||   123
